Map: Chain of Ascension

Players

HahaTTpro

  • Race: Protoss Protoss
  • Spawn Location: 11:00

Misogyny

  • Race: Terran Terran
  • League: Diamond
  • Spawn Location: 11:00

VOD

Have the link to the VOD?

Description

Time

  • Played on: Sept. 16, 2023, 1:04 p.m.
  • Length: 26:09
Show
View Real Time Build Order
Export as new Build Order

HahaTTpro Protoss 

Build Orders:  

Get SALT Encoding   

  12  0:05  Probe (Chrono Boost)  
  13  0:21  Probe (Chrono Boost)  
  14  0:37  Pylon  
  14  0:44  Assimilator  
  15  0:50  Probe (Chrono Boost)  
  15  1:07  Probe (Chrono Boost)  
  16  1:23  Assimilator  
  16  1:24  Probe (Chrono Boost)  
  17  1:39  Gateway  
  18  1:41  Probe (Chrono Boost)  
  18  1:44  Pylon  
  18  2:10  Pylon  
  18  2:16  Probe (Chrono Boost)  
  19  2:25  Forge  
  19  2:29  Gateway  
  19  2:33  Probe (Chrono Boost)  
  20  2:48  Zealot  
  23  2:50  Probe (Chrono Boost)  
  23  3:05  Cybernetics Core  
  23  3:07  Probe (Chrono Boost), Protoss Shields Level 1  
  24  3:26  Probe (Chrono Boost)  
  25  3:35  Pylon  
  25  3:43  Probe (Chrono Boost)  
  26  3:57  Photon Cannon  
  27  4:00  Probe (Chrono Boost)  
  27  4:21  Photon Cannon  
  25  4:38  Dragoon x2  
  25  4:39  Zealot  
  31  5:15  Pylon  
  31  5:23  Photon Cannon  
  31  5:24  Photon Cannon  
  31  5:33  Probe (Chrono Boost)  
  33  5:50  Probe (Chrono Boost)  
  33  6:01  Pylon  
  33  6:06  Photon Cannon  
  33  6:07  Probe (Chrono Boost)  
  33  6:09  Protoss Ground Weapons Level 1  
  34  6:20  Robotics Facility  
  34  6:24  Probe (Chrono Boost)  
  35  6:53  Pylon  
  33  8:17  Nexus  
  33  8:21  Pylon  
  33  8:28  Photon Cannon  
  33  8:29  Photon Cannon  
  33  8:32  Photon Cannon  
  33  8:35  Photon Cannon  
  33  8:37  Photon Cannon  
  33  8:38  Protoss Ground Armor Level 1  
  33  9:05  Pylon  
  33  9:17  Twilight Council  
  33  9:35  Zealot x2  
  33  9:36  Zealot x2  
  33  9:37  Zealot x2  
  43  9:57  Trillic Compresion Mesh  
  41  10:06  Probe (Chrono Boost)  
  42  10:26  Probe (Chrono Boost)  
  43  10:40  Probe (Chrono Boost)  
  44  10:54  Probe (Chrono Boost)  
  45  11:04  Pylon  
  45  11:13  Photon Cannon  
  45  11:15  Photon Cannon  
  45  11:18  Photon Cannon  
  45  11:20  Photon Cannon  
  45  11:22  Photon Cannon  
  45  11:39  Probe (Chrono Boost)  
  46  11:53  Probe (Chrono Boost)  
  47  12:00  Whirlwind  
  47  12:07  Probe (Chrono Boost)  
  47  12:09  Dragoon  
  50  12:10  Dragoon x3  
  56  12:21  Probe (Chrono Boost)  
  56  12:24  Observer  
  58  12:52  Immortal x2  
  64  14:01  Observer  
  65  14:13  Gateway  
  65  14:14  Probe (Chrono Boost)  
  65  14:15  Gateway  
  66  14:20  Charge  
  66  14:28  Probe (Chrono Boost)  
  67  14:54  Dragoon x3  
  67  14:55  Dragoon x2  
  67  14:56  Dragoon  
  72  15:57  Observer  
  71  16:15  Immortal x2  
  71  16:17  Zealot  
  71  16:18  Zealot  
  71  16:19  Zealot  
  81  16:21  Dragoon  
  75  16:48  Probe (Chrono Boost)  
  76  16:59  Zealot  
  78  17:00  Zealot  
  78  17:02  Probe (Chrono Boost)  
  81  17:13  Pylon  
  81  17:16  Probe (Chrono Boost)  
  78  17:23  Pylon  
  78  17:27  Pylon  
  72  17:30  Probe (Chrono Boost)  
  73  18:15  Immortal  
  73  18:16  Dragoon x2  
  73  18:17  Dragoon x3  
  85  18:54  Zealot x2  
  83  19:18  Observer  
  80  20:04  Protoss Shields Level 2  
  80  20:18  Zealot  
  80  20:19  Dragoon x2  
  86  20:20  Dragoon x2  
  86  20:21  Dragoon  
  92  20:47  Immortal  
  92  20:48  Immortal x2  
  90  21:33  Robotics Bay  
  90  21:41  Pylon  
  90  22:13  Immortal  
  90  22:15  Zealot x2  
  90  22:16  Zealot x2  
  90  22:17  Zealot  
  90  22:18  Zealot  
  90  22:19  Zealot  
  77  22:50  Reaver  
  79  23:37  Reaver  
  85  23:40  Dragoon x2  
  85  23:41  Dragoon x2  
  85  23:42  Dragoon  
  95  23:53  Dragoon  
  95  23:54  Dragoon x2  
  95  23:55  Dragoon  
Show
View Real Time Build Order
Export as new Build Order

Misogyny Terran 

Build Orders:  

Get SALT Encoding   

  12  0:04  SCV  
  13  0:19  SCV  
  13  0:28  Supply Depot  
  14  0:33  SCV  
  15  0:46  Barracks  
  15  0:50  SCV  
  16  1:02  Refinery  
  16  1:04  SCV  
  17  1:19  SCV  
  17  1:22  Marine  
  19  1:35  Marine  
  19  1:38  Orbital Command  
  19  1:44  Marine  
  21  1:52  Marine  
  22  2:03  Marine  
  22  2:08  Supply Depot  
  23  2:12  Marine  
  24  2:21  Marine  
  25  2:30  SCV  
  26  2:44  Bunker  
  26  2:45  Marine  
  26  2:47  SCV  
  28  2:56  Marine  
  28  2:58  Factory  
  28  3:04  SCV  
  30  3:15  Supply Depot  
  30  3:21  SCV  
  30  3:22  Marine  
  32  3:32  Marine  
  33  3:42  SCV, Marine  
  35  3:53  Marine  
  36  4:00  Factory Tech Lab  
  36  4:30  SCV  
  36  4:31  Marine  
  38  4:46  Siege Tank  
  39  5:04  Command Center  
  39  5:30  Marine  
  39  5:31  Refinery  
  39  5:35  Supply Depot  
  39  5:36  Supply Depot, Siege Tank  
  39  5:38  SCV  
  42  5:40  Marine  
  39  5:51  Marine  
  39  5:55  SCV  
  39  5:56  Siege Tank  
  44  6:01  Marine  
  45  6:11  Marine  
  45  6:12  SCV  
  47  6:21  Supply Depot, Marine  
  47  6:29  SCV  
  49  6:34  Marine  
  49  6:37  Siege Tank  
  53  6:46  SCV  
  54  6:52  Supply Depot  
  54  6:53  Engineering Bay  
  54  6:54  Engineering Bay  
  54  6:58  Barracks Reactor, Siege Tank x2  
  54  6:59  Barracks  
  54  7:00  Barracks  
  54  7:03  SCV  
  53  7:10  Orbital Command  
  53  7:25  Siege Tank  
  46  8:07  Marine x2  
  46  8:08  Siege Tank x4  
  48  8:11  Barracks Tech Lab x2  
  48  8:22  Marine x2  
  48  8:23  Siege Tank  
  53  8:32  Marine  
  53  8:38  Orbital Command  
  54  8:47  Orbital Command  
  50  9:20  SCV  
  50  9:24  SCV  
  50  9:29  Refinery  
  52  9:35  Refinery  
  52  9:37  SCV  
  52  9:41  SCV  
  52  9:48  Siege Tank  
  52  9:49  Siege Tank x3  
  53  9:54  SCV  
  54  10:22  Marine x2  
  54  10:24  Medic x2  
  60  10:30  SCV  
  60  10:31  SCV  
  60  10:38  Marine  
  60  10:39  Supply Depot, Marine x3  
  62  10:47  SCV  
  62  10:48  SCV  
  68  11:04  Medic  
  68  11:05  Marine x3  
  73  11:13  SCV x2  
  73  11:14  Terran Infantry Weapons Level 1  
  73  11:15  Terran Infantry Armor Level 1  
  73  11:17  Siege Tank x4  
  75  11:26  Marine  
  75  11:27  Marine x2  
  75  11:28  Medic  
  75  11:29  Command Center  
  78  11:30  SCV  
  78  11:35  Siege Tank  
  84  11:54  Marauder, Marine x2  
  84  11:55  Marauder  
  84  11:58  SCV x2  
  92  12:07  Supply Depot  
  92  12:13  Armory  
  92  12:15  SCV  
  93  12:20  Marine x2  
  93  12:21  Marauder, Marine  
  93  12:22  Siege Tank  
  93  12:27  SCV  
  102  12:36  Supply Depot, Marine x2  
  102  12:37  Marauder  
  106  12:52  Marine  
  106  12:53  Marauder, Marine  
  110  13:09  SCV x2  
  112  13:12  Marine x2  
  112  13:13  Marine x2  
  116  13:20  Orbital Command  
  116  13:27  Afterburners  
  116  13:29  Supply Depot  
  116  13:43  SCV  
  116  13:44  SCV  
  116  13:48  Siege Tank  
  116  13:49  Marauder x2, Marine  
  118  13:53  Siege Tank x6  
  118  13:58  Supply Depot  
  126  14:00  SCV x2  
  126  14:02  SCV  
  126  14:04  Terran Infantry Weapons Level 2  
  129  14:12  Terran Infantry Armor Level 2  
  129  14:28  SCV  
  129  14:29  SCV  
  131  14:30  SCV  
  131  14:31  Siege Tank  
  131  14:39  Advanced Optics  
  135  14:42  Marine  
  135  14:43  Marine x3  
  135  14:45  SCV  
  135  14:46  SCV  
  141  15:44  Siege Tank x7  
  141  15:53  Supply Depot, Siege Tank, Marine x2  
  141  15:56  SCV x3  
  141  15:58  Supply Depot, Marine x2  
  149  16:02  Barracks  
  149  16:04  Marauder  
  149  16:06  Factory, Marine  
  149  16:07  Barracks  
  149  16:08  Marine x2  
  154  16:13  SCV  
  154  16:19  Marine x2  
  157  16:21  Siege Tank x6  
  157  16:26  Marauder  
  157  16:30  Marauder  
  157  16:34  Supply Depot, Siege Tank  
  157  16:38  Supply Depot  
  158  16:49  Marine x2  
  143  16:53  Marauder x2  
  112  17:00  Barracks Tech Lab, Marine  
  112  17:01  Siege Tank, Marine  
  112  17:02  Barracks Tech Lab  
  99  17:13  Marine  
  99  17:14  Marauder, Marine  
  99  17:18  Marauder  
  99  17:19  Factory Tech Lab  
  100  17:22  Siege Tank  
  100  17:24  Marine x2  
  100  17:27  Marauder  
  103  17:35  Siege Tank  
  101  17:42  SCV x2  
  103  17:53  Marine x2  
  103  17:54  Marauder x2  
  107  18:02  Marine  
  107  18:03  Marauder, Siege Tank x2  
  116  18:11  Siege Tank x3, Terran Infantry Weapons Level 3  
  116  18:20  Terran Infantry Armor Level 3  
  116  18:28  Terran Vehicle and Ship Weapons Level 1  
  116  19:08  Marine x2  
  116  19:09  Marauder x2  
  116  19:14  Marine  
  116  19:15  Siege Tank, Marine  
  116  19:16  Siege Tank  
  116  19:18  Marine  
  130  19:22  Marauder  
  130  19:29  Missile Turret  
  133  19:30  Marauder, Medic  
  133  19:31  Medic, Marine x2  
  133  19:32  Missile Turret  
  133  19:34  Marine  
  142  19:41  Marine  
  143  19:58  Missile Turret  
  143  20:01  Missile Turret x2  
  143  20:04  Missile Turret  
  143  20:15  Marine x2  
  143  20:19  Medic x2, Marine  
  145  20:20  Missile Turret, Barracks Reactor, Siege Tank x2  
  145  20:25  Marine  
  157  21:02  Marine  
  157  21:03  Marauder  
  157  21:04  Marauder x2, Siege Tank x2  
  160  21:13  Marine  
  160  21:16  Marauder  
  163  21:22  Marine x2  
  163  21:23  Marine x3  
  163  21:24  Command Center, Siege Tank  
  163  21:25  Command Center  
  171  21:56  Siege Tank x14  
  171  21:57  Marine x2  
  173  22:37  Marine x2  
  173  22:38  Siege Tank x13  
  173  22:44  Marauder  
  173  22:45  Marauder  
  173  23:01  Siege Tank x2, Marine x4  
  173  23:02  Marauder x3  
  189  23:11  Marine x2  
  189  23:14  Marauder  
  189  23:15  Marauder  
  189  23:18  Marine  
  189  23:19  Marauder, Marine  
  199  23:42  Siege Tank x5  
  199  23:44  Siege Tank x2  
  199  23:45  Siege Tank x5  
  156  24:13  Siege Tank x12  
  156  24:14  Siege Tank x2, Marine x2  
  156  24:15  Marauder x3, Marine  
  156  24:16  Siege Tank  
  147  25:06  Orbital Command x2  
  147  25:14  Medic x3  
  147  25:15  Marine x2  
  147  25:16  Marine x2  
  147  25:19  Siege Tank x2  
  157  25:24  Medic x2  
  157  25:25  Marine x2  
  157  25:26  Marine x3  
  172  25:34  Marine  
  172  25:35  Marine x2  
  172  25:36  Marine  
  172  25:39  Siege Tank  
  155  25:40  Siege Tank  
  176  25:42  Marine x3  
  176  25:45  Marine x2  
Tags
 
Add a new tag
Caveats
  • Supply blocks, unpowered buildings, or Contaminate may cause inaccurate times.
  • Supply counts are checked every 10 seconds.